 Dungeon Crawl Stone Soup version 0.22.0 (webtiles) character file.

158 Blackhawk the Shield-Bearer (level 5, -9/47 HPs)
             Began as a Gnoll Fighter on Oct 21, 2018.
             Killed by divine providence
             ... invoked by an orc priest
              (13 damage)
             ... on level 3 of the Dungeon.
             The game lasted 00:03:33 (1894 turns).

Blackhawk the Shield-Bearer (Gnoll Fighter)         Turns: 1894, Time: 00:03:34

Health: -9/47      AC: 13    Str: 19    XL:     5   Next: 39%
Magic:  7/7        EV:  4    Int: 10    God:
Gold:   194        SH: 15    Dex: 15    Spells: 6/6 levels left

rFire    . . .     SeeInvis .   a - +0 war axe
rCold    + . .     Gourm    .   x - +0 large shield
rNeg     . . .     Faith    .   c - +0 chain mail {rC+}
rPois    .         Spirit   .   (no helmet)
rElec    .         Reflect  .   (no cloak)
rCorr    .         Harm     .   q - +0 pair of gloves
MR       .....                  p - +0 pair of boots
Stlth    ..........             (no amulet)
HPRegen  0.15/turn              (no ring)
MPRegen  0.10/turn              (no ring)

@: no status effects
A: distributed training, fangs 1, strong nose
a: no special abilities


You were on level 3 of the Dungeon.
You were hungry.

You visited 1 branch of the dungeon, and saw 3 of its levels.

You collected 194 gold pieces.

Inventory:

Hand Weapons
 a - a +0 war axe (weapon)
Missiles
 h - 44 sling bullets
 j - 75 stones (quivered)
Armour
 b - a +0 scale mail
 c - a +0 chain mail of cold resistance (worn)
 p - a +0 pair of boots (worn)
 q - a +0 pair of gloves (worn)
 x - a +0 large shield (worn)
Jewellery
 o - an uncursed ring of wizardry {unknown}
Wands
 B - a wand of acid (7)
Scrolls
 e - a scroll of fog {unknown}
 k - a scroll of teleportation {unknown}
 m - a scroll of amnesia {unknown}
 t - 4 scrolls of immolation {unknown}
 v - a scroll of random uselessness {unknown}
 w - 4 scrolls of identify {unknown}
 y - a scroll of magic mapping {unknown}
 A - 2 scrolls of remove curse {unknown}
Potions
 d - 2 potions of might
 i - a potion of haste {unknown}
 l - a potion of brilliance {unknown}
 n - a potion of curing {unknown}
 r - 2 potions of flight {unknown}
 s - 2 potions of invisibility {unknown}
 u - a potion of mutation {unknown}
 z - a potion of lignification {unknown}
Comestibles
 f - 5 rations
 g - 8 chunks of flesh


   Skills:
 + Level 6.7 Fighting
 + Level 1.4 Short Blades
 + Level 1.4 Long Blades
 + Level 4.7 Axes
 + Level 1.4 Maces & Flails
 + Level 1.4 Polearms
 + Level 1.4 Staves
 + Level 1.4 Slings
 + Level 1.4 Bows
 + Level 1.4 Crossbows
 + Level 1.4 Throwing
 + Level 6.7 Armour
 + Level 1.4 Dodging
 + Level 1.4 Stealth
 + Level 6.7 Shields
 + Level 1.4 Unarmed Combat
 + Level 1.4 Spellcasting
 + Level 1.1 Conjurations
 + Level 1.1 Hexes
 + Level 1.1 Charms
 + Level 1.1 Summonings
 + Level 1.1 Necromancy
 + Level 1.1 Translocations
 + Level 1.1 Transmutations
 + Level 1.1 Fire Magic
 + Level 1.1 Ice Magic
 + Level 1.1 Air Magic
 + Level 1.1 Earth Magic
 + Level 1.1 Poison Magic
 + Level 1.6 Invocations
 + Level 1.4 Evocations


You had 6 spell levels left.
You didn't know any spells.
Your spell library was empty.

Dungeon Overview and Level Annotations

Branches:
Dungeon (3/15)

Altars:
Dithmenos
Uskayaw
Zin


Innate Abilities, Weirdness & Mutations

Your experience applies equally to all skills.
You have very sharp teeth.
Your uncanny sense of smell can sniff out nearby items.


Message History

The orc priest is almost dead.
You hit the orc but do no damage. You block the orc priest's attack.
You block the orc's attack.
You closely miss the orc priest.
The orc priest is severely wounded.
You hit the orc but do no damage.
The orc priest hits you but does no damage.
You block the orc's attack.
You hit the orc priest.
The orc priest is almost dead.
You hit the orc. The orc priest hits you with a club.
* * * LOW HITPOINT WARNING * * *
You block the orc's attack. The orc priest hits you with a club.
* * * LOW HITPOINT WARNING * * *
You closely miss the orc priest. Your bite misses the orc priest.
The orc priest is almost dead.
You closely miss the orc. The orc barely misses you.
The orc priest calls down the wrath of Beogh upon you.
Beogh smites you!
You die...

### ..##.##.# #.......#
# #.......### #
..#......### ##
###.....##...###.
##......# #.......
#...#.#.# #.#.....
#@o...#.###.##.>..
#)o###.(.....##.###
#........#.#.......##
#.................#...
....##.._..........####
.##..#.............(.#
# #. #...............#
# ∆ ..
#...............#
#...............#


You could see an orc priest and an orc.

Vanquished Creatures
  An orc priest (D:3)
  An orc wizard (D:3)
  3 adders
  2 worms
  4 dart slugs
  3 leopard geckos
  An orc (D:3)
  10 bats
  4 giant cockroaches
  5 goblins
  A hobgoblin (D:2)
  6 jackals
  A quokka (D:3)
  5 frilled lizards
  3 kobolds
  2 rats (D:1)
52 creatures vanquished.

Notes
Turn   | Place    | Note
-------+----------+-------------------------------------------
     0 | D:1      | Blackhawk the Gnoll Fighter began the quest for the Orb.
     0 | D:1      | Reached XP level 1. HP: 23/23 MP: 1/1
   107 | D:1      | Reached XP level 2. HP: 23/29 MP: 2/2
   853 | D:1      | Reached XP level 3. HP: 35/35 MP: 3/3
  1193 | D:2      | Found a glowing silver altar of Zin.
  1236 | D:2      | Reached skill level 1 in Invocations
  1275 | D:2      | Found a hide-covered altar of Uskayaw.
  1320 | D:2      | Reached skill level 1 in Short Blades
  1320 | D:2      | Reached skill level 1 in Long Blades
  1320 | D:2      | Reached skill level 1 in Maces & Flails
  1320 | D:2      | Reached skill level 1 in Polearms
  1320 | D:2      | Reached skill level 1 in Staves
  1320 | D:2      | Reached skill level 1 in Slings
  1320 | D:2      | Reached skill level 1 in Bows
  1320 | D:2      | Reached skill level 1 in Crossbows
  1320 | D:2      | Reached skill level 1 in Throwing
  1320 | D:2      | Reached skill level 1 in Dodging
  1320 | D:2      | Reached skill level 1 in Stealth
  1320 | D:2      | Reached skill level 1 in Unarmed Combat
  1320 | D:2      | Reached skill level 1 in Spellcasting
  1320 | D:2      | Reached skill level 1 in Evocations
  1439 | D:2      | Reached XP level 4. HP: 41/41 MP: 5/5
  1811 | D:3      | Found a shadowy altar of Dithmenos.
  1817 | D:3      | Reached skill level 1 in Conjurations
  1817 | D:3      | Reached skill level 1 in Hexes
  1817 | D:3      | Reached skill level 1 in Charms
  1817 | D:3      | Reached skill level 1 in Summonings
  1817 | D:3      | Reached skill level 1 in Necromancy
  1817 | D:3      | Reached skill level 1 in Translocations
  1817 | D:3      | Reached skill level 1 in Transmutations
  1817 | D:3      | Reached skill level 1 in Fire Magic
  1817 | D:3      | Reached skill level 1 in Ice Magic
  1817 | D:3      | Reached skill level 1 in Air Magic
  1817 | D:3      | Reached skill level 1 in Earth Magic
  1817 | D:3      | Reached skill level 1 in Poison Magic
  1877 | D:3      | Reached XP level 5. HP: 44/47 MP: 6/6
  1894 | D:3      | Killed from afar by an orc priest

Skill      XL: |  1  2  3  4 |
---------------+-------------+-----
Invocations    | 1 |  1.6
Short Blades   | 1 |  1.4
Long Blades    | 1 |  1.4
Maces & Flails | 1 |  1.4
Polearms       | 1 |  1.4
Staves         | 1 |  1.4
Slings         | 1 |  1.4
Bows           | 1 |  1.4
Crossbows      | 1 |  1.4
Throwing       | 1 |  1.4
Dodging        | 1 |  1.4
Stealth        | 1 |  1.4
Unarmed Combat | 1 |  1.4
Spellcasting   | 1 |  1.4
Evocations     | 1 |  1.4
Conjurations   | 1 |  1.1
Hexes          | 1 |  1.1
Charms         | 1 |  1.1
Summonings     | 1 |  1.1
Necromancy     | 1 |  1.1
Translocations | 1 |  1.1
Transmutations | 1 |  1.1
Fire Magic     | 1 |  1.1
Ice Magic      | 1 |  1.1
Air Magic      | 1 |  1.1
Earth Magic    | 1 |  1.1
Poison Magic   | 1 |  1.1
Fighting       | |  6.7
Axes           | |  4.7
Armour         | |  6.7
Shields        | |  6.7

Action                   |  1- 3 |  4- 6 || total
-------------------------+-------+-------++-------
Melee: War axe           |    97 |    92 ||   189
       Bite              |    13 |    13 ||    26
  Eat: Chunk             |     2 |     1 ||     3
Armor: Scale mail        |    34 |       ||    34
       Chain mail        |     9 |    48 ||    57
Dodge: Dodged            |    40 |    12 ||    52
Block: Shield            |    44 |       ||    44
       Large shield      |    15 |    88 ||   103
